General information
- name: BNet
- type: Ladder team game (AT/RT)
- host: Battle.net
- saver: USAALLDAY
map: DragonFalls
- players: 8
- length: 26:39
- speed: Fast
- version: 1.26 W3XP
- replay type: Public
» download(199 KB)
Players
team 1 (loser)
100PSIH (
blue | 48 APM | 400 actions | 08:18)
2 Blademaster
1 Wind Walk
1 Critical Strike
1 Shadow Hunter
1 Hex
» actions
| Assign group hotkey | 3 | |
| Build / train | 19 | |
| Enter build submenu | 11 | |
| Enter hero's abilities submenu | 3 | |
| Give item / drop item | 2 | |
| Right click | 159 | |
| Select / deselect | 58 | |
| Select group hotkey | 123 | |
| Use ability | 22 | |
400 total
» units
» upgrades
» buildings
| Altar of Storms | 1 | |
| Orc Burrow | 3 | |
| Voodoo Lounge | 1 | |
| Stronghold | 1 | |
| War Mill | 2 | |
| Beastiary | 2 | |
| Spirit Lodge | 1 | |
| Great Hall | 1 | |
12 total
» build order
00:09 Altar of Storms
00:13 Orc Burrow
00:56 Voodoo Lounge
02:23 Stronghold
02:42 War Mill
02:48 War Mill
02:59 Orc Burrow
03:58 Orc Burrow
04:51 Beastiary
05:04 Beastiary
05:37 Spirit Lodge
07:10 Great Hall
» items
| Healing Salve | 1 | |
| Lesser Clarity Potion | 1 | |
| Scroll of Healing | 1 | |
3 total
rainerstinkt (
red | 40 APM | 320 actions | 07:59)
2 Death Knight
1 Death Coil
1 Unholy Aura
» actions
| Assign group hotkey | 10 | |
| Basic commands | 8 | |
| Build / train | 26 | |
| Enter build submenu | 13 | |
| Enter hero's abilities submenu | 2 | |
| Give item / drop item | 1 | |
| Right click | 105 | |
| Select / deselect | 89 | |
| Select group hotkey | 42 | |
| Use ability | 24 | |
320 total
» units
| Acolyte | 7 | |
| Ghoul | 4 | |
| Crypt Fiend | 4 | |
15 total
» upgrades
| Unholy Strength | 1 | |
| Unholy Armor | 1 | |
2 total
» buildings
| Crypt | 1 | |
| Ziggurat | 11 | |
| Altar of Darkness | 1 | |
| Tomb of Relics | 1 | |
| Graveyard | 1 | |
| Halls of the Dead | 1 | |
| Spirit Tower | 1 | |
17 total
» build order
00:36 Crypt
00:38 Ziggurat
00:44 Altar of Darkness
01:05 Tomb of Relics
01:21 Graveyard
01:40 Ziggurat
04:51 Ziggurat
05:31 Halls of the Dead
06:00 Ziggurat
06:01 Ziggurat
06:02 Ziggurat
06:05 Ziggurat
06:06 Ziggurat
06:07 Ziggurat
07:12 Spirit Tower
07:14 Ziggurat
07:15 Ziggurat
» items
| Rod of Necromancy | 2 | |
| Sacrificial Skull | 1 | |
| Dust of Appearance | 1 | |
4 total

»
ThereIsSpoon (
purple | 146 APM | 3385 actions | 23:12)
4 Keeper of the Grove
2 Entangling Roots
2 Force of Nature
3 Priestess of the Moon
2 Trueshot Aura
1 Searing Arrows
1 Shadow Hunter
1 Healing Wave
1 Blademaster
1 Critical Strike
1 Lich
1 Frost Armor
» actions
| Assign group hotkey | 43 | |
| Basic commands | 747 | |
| Build / train | 96 | |
| Enter build submenu | 37 | |
| Enter hero's abilities submenu | 10 | |
| Remove unit from queue | 1 | |
| Right click | 376 | |
| Select / deselect | 823 | |
| Select group hotkey | 1176 | |
| Use ability | 76 | |
3385 total
» units
| Wisp | 21 | |
| Archer | 19 | |
| Kodo Beast | 1 | |
| Shaman | 4 | |
| Hippogryph | 11 | |
| Peon | 8 | |
| Tauren | 2 | |
| Troll Witch Doctor | 4 | |
70 total
» upgrades
| Strength of the Moon | 2 | |
| Shaman Training | 2 | |
| Hippogryph Taming | 1 | |
| Improved Bows | 1 | |
| Moon Armor | 1 | |
| War Drums Damage Increase | 1 | |
| Witch Doctor Training | 1 | |
| Armor | 1 | |
10 total
» buildings
| Altar of Elders | 1 | |
| Moon Well | 5 | |
| Ancient of War | 1 | |
| Tree of Ages | 2 | |
| Hunter's Hall | 1 | |
| Tree of Life | 4 | |
| Ancient of Wind | 2 | |
| Fortress | 1 | |
| Orc Burrow | 6 | |
| Ancient Protector | 2 | |
| Tauren Totem | 1 | |
| Spirit Lodge | 1 | |
| Great Hall | 1 | |
| Barracks | 1 | |
29 total
» build order
00:06 Altar of Elders
00:10 Moon Well
00:33 Ancient of War
01:22 Moon Well
02:16 Moon Well
03:33 Moon Well
04:20 Tree of Ages
05:09 Hunter's Hall
05:26 Moon Well
06:25 Tree of Life
07:25 Ancient of Wind
08:30 Fortress
08:42 Orc Burrow
08:56 Ancient of Wind
09:22 Orc Burrow
10:12 Orc Burrow
10:34 Tree of Life
10:50 Ancient Protector
12:03 Tree of Life
12:08 Ancient Protector
12:32 Tauren Totem
12:46 Spirit Lodge
13:47 Tree of Life
17:26 Orc Burrow
17:43 Great Hall
18:14 Orc Burrow
18:17 Orc Burrow
18:36 Barracks
18:54 Tree of Ages
21212121 (
green | 60 APM | 1590 actions | 26:37)
5 Death Knight
3 Death Coil
2 Unholy Aura
2 Dark Ranger
1 Black Arrow
1 Silence
2 Lich
2 Frost Nova
» actions
| Assign group hotkey | 46 | |
| Basic commands | 19 | |
| Build / train | 138 | |
| Enter build submenu | 19 | |
| Enter hero's abilities submenu | 11 | |
| Right click | 495 | |
| Select / deselect | 410 | |
| Select group hotkey | 332 | |
| Use ability | 120 | |
1590 total
» units
| Acolyte | 8 | |
| Ghoul | 6 | |
| Crypt Fiend | 57 | |
| Frost Wyrm | 6 | |
77 total
» upgrades
| Creature Attack | 5 | |
| Creature Carapace | 4 | |
| Burrow | 2 | |
| Web | 2 | |
13 total
» buildings
| Altar of Darkness | 1 | |
| Ziggurat | 6 | |
| Crypt | 4 | |
| Graveyard | 1 | |
| Tomb of Relics | 1 | |
| Halls of the Dead | 2 | |
| Black Citadel | 6 | |
| Sacrificial Pit | 1 | |
| Boneyard | 1 | |
| Spirit Tower | 2 | |
25 total
» build order
00:11 Altar of Darkness
00:15 Ziggurat
00:35 Crypt
00:40 Crypt
00:57 Graveyard
01:16 Ziggurat
01:36 Tomb of Relics
02:16 Ziggurat
03:55 Halls of the Dead
05:35 Ziggurat
08:15 Black Citadel
08:16 Black Citadel
09:27 Black Citadel
09:27 Black Citadel
09:27 Black Citadel
18:00 Sacrificial Pit
18:05 Crypt
18:10 Crypt
22:22 Boneyard
22:37 Ziggurat
22:38 Ziggurat
24:32 Spirit Tower
24:32 Spirit Tower
» items
| Rod of Necromancy | 4 | |
| Scroll of Town Portal | 1 | |
| Potion of Healing | 2 | |
7 total
team 2 (winner)

»
ayahuasco (
pink | 83 APM | 2212 actions | 26:38)
8 Blademaster
3 Wind Walk
3 Critical Strike
1 Bladestorm
1 Mirror Image
» actions
| Assign group hotkey | 36 | |
| Build / train | 64 | |
| Enter build submenu | 12 | |
| Enter hero's abilities submenu | 8 | |
| Give item / drop item | 2 | |
| Right click | 828 | |
| Select / deselect | 274 | |
| Select group hotkey | 908 | |
| Use ability | 80 | |
2212 total
» units
| Peon | 9 | |
| Troll Batrider | 7 | |
| Wind Rider | 8 | |
24 total
» upgrades
| Ranged Weapons | 3 | |
| Armor | 1 | |
| Liquid Fire | 1 | |
| Envenomed Spears | 1 | |
6 total
» buildings
| Altar of Storms | 1 | |
| Orc Burrow | 7 | |
| War Mill | 1 | |
| Voodoo Lounge | 1 | |
| Stronghold | 4 | |
| Fortress | 1 | |
| Beastiary | 2 | |
17 total
» build order
00:21 Altar of Storms
00:39 Orc Burrow
00:56 War Mill
01:07 Voodoo Lounge
01:53 Orc Burrow
02:45 Stronghold
02:45 Stronghold
02:45 Stronghold
03:26 Orc Burrow
05:08 Fortress
05:11 Beastiary
05:17 Beastiary
05:54 Orc Burrow
07:40 Orc Burrow
12:14 Orc Burrow
13:43 Orc Burrow
» items
| Healing Salve | 5 | |
| Lesser Clarity Potion | 6 | |
| Scroll of Speed | 1 | |
| Scroll of Town Portal | 3 | |
| Orb of Lightning | 1 | |
| Potion of Healing | 2 | |
18 total

»
em.io (
orange | 94 APM | 2515 actions | 26:38)
6 Blademaster
2 Wind Walk
3 Critical Strike
1 Bladestorm
5 Tauren Chieftain
2 War Stomp
3 Endurance Aura
4 Naga Sea Witch
2 Frost Arrows
2 Forked Lightning
» actions
| Assign group hotkey | 19 | |
| Basic commands | 66 | |
| Build / train | 110 | |
| Enter build submenu | 26 | |
| Enter hero's abilities submenu | 15 | |
| Give item / drop item | 5 | |
| Right click | 898 | |
| Select / deselect | 443 | |
| Select group hotkey | 763 | |
| Use ability | 170 | |
2515 total
» units
| Peon | 11 | |
| Grunt | 4 | |
| Wind Rider | 8 | |
| Shaman | 6 | |
| Troll Witch Doctor | 5 | |
34 total
» upgrades
| Shaman Training | 2 | |
| Pillage | 1 | |
| Witch Doctor Training | 2 | |
| Ranged Weapons | 2 | |
| Armor | 2 | |
| Envenomed Spears | 1 | |
10 total
» buildings
| Orc Burrow | 6 | |
| Altar of Storms | 1 | |
| Barracks | 1 | |
| Voodoo Lounge | 2 | |
| Stronghold | 2 | |
| Great Hall | 1 | |
| War Mill | 2 | |
| Watch Tower | 3 | |
| Fortress | 1 | |
| Spirit Lodge | 2 | |
| Beastiary | 1 | |
22 total
» build order
00:08 Orc Burrow
00:17 Altar of Storms
00:51 Barracks
01:33 Orc Burrow
01:57 Voodoo Lounge
02:49 Stronghold
02:49 Stronghold
04:18 Great Hall
04:40 War Mill
04:42 War Mill
04:51 Orc Burrow
06:26 Watch Tower
06:27 Watch Tower
07:11 Fortress
07:30 Watch Tower
07:35 Voodoo Lounge
09:13 Spirit Lodge
11:06 Spirit Lodge
12:26 Beastiary
14:41 Orc Burrow
14:42 Orc Burrow
14:44 Orc Burrow
» items
| Healing Salve | 8 | |
| Scroll of Speed | 3 | |
| Potion of Healing | 6 | |
| Lesser Clarity Potion | 6 | |
| Potion of Mana | 4 | |
| Orb of Lightning | 2 | |
| Boots of Speed | 3 | |
| Scroll of Protection | 1 | |
| Scroll of Healing | 3 | |
| Potion of Lesser Invulnerability | 2 | |
| Scroll of Town Portal | 2 | |
| Periapt of Vitality | 1 | |
| Potion of Invisibility | 1 | |
42 total
USAALLDAY (
yellow | 86 APM | 2303 actions | 26:39)
7 Blood Mage
3 Flame Strike
2 Siphon Mana
1 Summon Phoenix
1 Banish
» actions
| Assign group hotkey | 288 | |
| Basic commands | 31 | |
| Build / train | 98 | |
| Enter build submenu | 59 | |
| Enter hero's abilities submenu | 7 | |
| Give item / drop item | 2 | |
| Remove unit from queue | 2 | |
| Right click | 794 | |
| Select / deselect | 394 | |
| Select group hotkey | 514 | |
| Use ability | 114 | |
2303 total
» units
| Peasant | 19 | |
| Footman | 5 | |
| Goblin Shredder | 2 | |
| Goblin Zeppelin | 1 | |
| Sorceress | 1 | |
| Green Dragon | 2 | |
| Gryphon Rider | 8 | |
38 total
» upgrades
| Masonry | 3 | |
| Sorceress Training | 1 | |
| Storm Hammers | 1 | |
| Magic Sentry | 1 | |
| Cloud | 1 | |
| Animal War Training | 1 | |
| Swords | 3 | |
| Armor | 3 | |
14 total
» buildings
| Altar of Kings | 1 | |
| Barracks | 1 | |
| Farm | 14 | |
| Scout Tower | 51 | |
| Arcane Tower | 3 | |
| Keep | 1 | |
| Arcane Vault | 2 | |
| Town Hall | 2 | |
| Lumber Mill | 1 | |
| Guard Tower | 13 | |
| Arcane Sanctum | 1 | |
| Castle | 1 | |
| Gryphon Aviary | 7 | |
| Blacksmith | 2 | |
100 total
» build order
00:45 Altar of Kings
00:52 Barracks
00:57 Farm
00:59 Farm
01:05 Farm
01:27 Scout Tower
02:13 Arcane Tower
03:17 Farm
03:32 Keep
04:19 Arcane Vault
04:24 Town Hall
04:36 Arcane Vault
04:52 Lumber Mill
07:34 Scout Tower
07:36 Scout Tower
07:37 Scout Tower
07:38 Scout Tower
07:40 Scout Tower
07:41 Scout Tower
08:55 Guard Tower
09:19 Farm
09:36 Arcane Sanctum
11:12 Scout Tower
11:18 Scout Tower
11:19 Scout Tower
11:20 Scout Tower
11:21 Scout Tower
11:25 Castle
11:32 Guard Tower
11:37 Scout Tower
11:37 Scout Tower
11:38 Scout Tower
11:39 Scout Tower
11:42 Scout Tower
11:43 Scout Tower
11:44 Scout Tower
11:47 Scout Tower
11:49 Guard Tower
12:47 Arcane Tower
12:48 Guard Tower
13:44 Arcane Tower
13:46 Guard Tower
13:59 Scout Tower
14:00 Scout Tower
14:01 Scout Tower
14:03 Scout Tower
14:04 Scout Tower
14:05 Scout Tower
14:05 Scout Tower
14:06 Scout Tower
14:07 Scout Tower
14:09 Scout Tower
14:10 Scout Tower
14:11 Scout Tower
14:11 Scout Tower
14:59 Scout Tower
15:00 Scout Tower
15:02 Scout Tower
15:07 Scout Tower
15:08 Scout Tower
15:20 Guard Tower
15:31 Guard Tower
15:36 Guard Tower
16:29 Guard Tower
16:33 Gryphon Aviary
16:34 Gryphon Aviary
16:34 Gryphon Aviary
16:35 Gryphon Aviary
16:38 Gryphon Aviary
16:40 Gryphon Aviary
16:45 Gryphon Aviary
17:07 Guard Tower
17:40 Guard Tower
17:46 Blacksmith
17:48 Blacksmith
18:32 Scout Tower
18:33 Scout Tower
18:33 Scout Tower
18:34 Scout Tower
18:34 Scout Tower
18:35 Scout Tower
18:35 Scout Tower
18:36 Scout Tower
18:37 Scout Tower
18:38 Scout Tower
18:39 Scout Tower
18:39 Scout Tower
18:40 Scout Tower
19:08 Guard Tower
19:21 Farm
19:25 Farm
19:28 Farm
19:28 Farm
19:31 Farm
19:32 Farm
19:33 Farm
19:35 Farm
19:36 Farm
19:59 Guard Tower
20:50 Guard Tower
22:26 Town Hall
» items
| Scroll of Regeneration | 4 | |
| Scroll of Town Portal | 2 | |
| Potion of Healing | 2 | |
| Potion of Mana | 2 | |
| Lesser Clarity Potion | 2 | |
| Boots of Speed | 1 | |
| Staff of Teleportation | 1 | |
| Potion of Invisibility | 2 | |
| Potion of Lesser Invulnerability | 1 | |
| Tiny Great Hall | 1 | |
18 total
MforMaricho (
teal | 55 APM | 1472 actions | 26:38)
5 Demon Hunter
2 Immolation
3 Evasion
3 Pit Lord
1 Howl of Terror
2 Cleaving Attack
» actions
| Build / train | 122 | |
| Enter build submenu | 28 | |
| Enter hero's abilities submenu | 8 | |
| Give item / drop item | 3 | |
| Remove unit from queue | 4 | |
| Right click | 719 | |
| Select / deselect | 484 | |
| Use ability | 104 | |
1472 total
» units
| Wisp | 40 | |
| Archer | 17 | |
| Huntress | 2 | |
| Furbolg Shaman | 2 | |
| Hippogryph | 6 | |
| Dryad | 5 | |
| Green Drake | 1 | |
| Green Dragon Whelp | 1 | |
74 total
» upgrades
| Strength of the Moon | 3 | |
| Moon Armor | 1 | |
| Ultravision | 1 | |
| Strength of the Wild | 2 | |
| Reinforced Hides | 2 | |
| Improved Bows | 1 | |
| Hippogryph Taming | 1 | |
| Nature's Blessing | 1 | |
| Druid of the Claw Training | 1 | |
| Abolish Magic | 1 | |
| Well Spring | 1 | |
| Marksmanship | 1 | |
16 total
» buildings
| Moon Well | 8 | |
| Altar of Elders | 1 | |
| Ancient of War | 2 | |
| Hunter's Hall | 1 | |
| Tree of Life | 1 | |
| Ancient of Wonders | 1 | |
| Tree of Ages | 4 | |
| Ancient Protector | 4 | |
| Ancient of Wind | 2 | |
| Ancient of Lore | 2 | |
| Tree of Eternity | 1 | |
27 total
» build order
00:02 Moon Well
00:03 Altar of Elders
00:27 Ancient of War
01:42 Moon Well
02:21 Hunter's Hall
03:32 Tree of Life
03:43 Ancient of War
04:05 Ancient of Wonders
04:29 Moon Well
05:22 Moon Well
05:23 Moon Well
05:26 Moon Well
06:55 Tree of Ages
06:55 Tree of Ages
06:55 Tree of Ages
07:39 Moon Well
07:40 Moon Well
07:47 Ancient Protector
07:50 Ancient Protector
07:52 Ancient Protector
08:49 Ancient Protector
09:44 Ancient of Wind
09:46 Ancient of Wind
10:54 Ancient of Lore
10:56 Ancient of Lore
14:32 Tree of Eternity
18:36 Tree of Ages
» items
| Moonstone | 2 | |
| Dust of Appearance | 1 | |
| Potion of Healing | 2 | |
| Scroll of Town Portal | 4 | |
| Potion of Mana | 2 | |
| Orb of Venom | 1 | |
12 total
Chat log
(00:20 / All) USAALLDAY: Greetings from the USA
(00:32 / Allies) MforMaricho: same from Finland
(01:29 / Allies) MforMaricho: solo when exe exp, not when meet the enemy pls
(01:49 / Allies) em.io: didnt make sense at all
(01:55 / Allies) MforMaricho: plaaaaaaaaaaaaaah
(08:20 / Allies) USAALLDAY: I need boots and tp staff
(08:35 / Allies) MforMaricho: ineed a real fight
(11:00 / All) USAALLDAY: USA ALL DAY BABY
(11:14 / All) ThereIsSpoon: this country really really sucks
(11:25 / All) ThereIsSpoon: u are mega komunists there btw
(12:25 / Allies) MforMaricho: kill
(13:00 / Allies) MforMaricho: killalll
(13:51 / Allies) MforMaricho: ithink elf good target
(14:20 / Allies) em.io: wood?
(14:33 / Allies) em.io: ty
(16:10 / Allies) MforMaricho: amin
(17:19 / 9) USAALLDAY: I tk
(17:31 / 7) USAALLDAY: I tk
(19:52 / Allies) USAALLDAY: wood?
(20:12 / 9) USAALLDAY: you should get a lot of towers
(21:27 / Allies) USAALLDAY: orange I'm taking your expansion
(21:31 / Allies) USAALLDAY: I need it it I'm high upkeep
(21:41 / Allies) em.io: ..
(21:44 / All) ThereIsSpoon: u really suck green
(21:46 / All) ThereIsSpoon: big time
(21:54 / All) ThereIsSpoon: so does the noob ORCs in enemies
(21:57 / All) ThereIsSpoon: and the noob blue oRC
(22:00 / All) ThereIsSpoon: who i teamkilled
(22:05 / All) ayahuasco: LOL
(22:11 / All) ayahuasco: MAINDOWN
(22:32 / Allies) ayahuasco: PUT ARCHERS FROM HIPPO
(22:44 / Allies) em.io: yank indeed
(22:54 / Allies) em.io: share any gold or?
(23:12 / All) ThereIsSpoon: stupid noobs all of u
(23:24 / All) em.io: green chop chop mate
(23:27 / 9) USAALLDAY: When they attack you I'll have to help
(25:05 / Allies) em.io: i knew it-.
(25:10 / 9) USAALLDAY: stop...
(25:22 / 9) USAALLDAY: idiot
(25:34 / 9) USAALLDAY: Alright I'm not tking now
(25:46 / 9) USAALLDAY: you killed my dragon retard when I was attacking orange
(26:01 / Allies) USAALLDAY: I told this idiot I was gonna tk lol
(26:09 / Allies) USAALLDAY: so he killed my dragon when I was attacking orange
(26:21 / Allies) USAALLDAY: killed both my dragons
(26:30 / All) USAALLDAY: die dumb bitch